 Dungeon Crawl Stone Soup version 0.29.1-12-g30fa7ad0bf (webtiles) character file.

Game seed: 4981583410561053592

473 MisterFreud the Covert (level 7, 0/81 HPs)
             Began as a Gnoll Delver on Dec 15, 2022.
             Was a Follower of Hepliaklqana.
             Slain by an ufetubus (1 damage)
             ... on level 5 of the Dungeon.
             The game lasted 00:04:28 (3661 turns).

MisterFreud the Covert (Gnoll Delver)               Turns: 3661, Time: 00:04:28

Health: 0/81       AC: 23    Str:  9 (11) XL:     7   Next: 10%
Magic:  10/10      EV:  2    Int:  9 (11) God:    Hepliaklqana [*.....]
Gold:   156        SH:  0    Dex: 12 (14) Spells: 10/10 levels left

rFire   . . .      SeeInvis .   a - +0 short sword
rCold   . . .      Faith    .   (no shield)
rNeg    . . .      Spirit   .   (body armour currently unavailable)
rPois   +          Reflect  .   (helmet currently unavailable)
rElec   .          Harm     .   (cloak currently unavailable)
rCorr   +          Rampage  .   (gloves currently unavailable)
Will    .....      NoTele   +   (boots currently unavailable)
Stlth   ++++......              m - amulet of the acrobat
HPRegen 0.23/turn               q - ring of resist corrosion
MPRegen 0.12/turn               (no ring)

@: tree-form
A: stationary, stasis, torment immunity, boosted hp, reduced essence, (fangs 1),
strong nose, distributed training
a: Renounce Religion, Recall Ancestor, Ancestor Identity


You were on level 5 of the Dungeon.
You worshipped Hepliaklqana.
Hepliaklqana was aware of your devotion.
You were a tree.
You visited 1 branch of the dungeon, and saw 5 of its levels.

You collected 156 gold pieces.

Inventory:

Hand Weapons
 a - a +0 short sword (weapon)
Missiles
 n - 11 boomerangs (quivered)
Armour
 b - a +1 leather armour (melded)
 l - a +0 cloak (melded)
Jewellery
 m - an amulet of the acrobat (around neck)
 q - a ring of resist corrosion (left branch)
Wands
 g - a wand of digging (3)
 i - a wand of paralysis (10)
Scrolls
 c - a scroll of fog
 d - 2 scrolls of magic mapping
 e - 2 scrolls of fear
 k - a scroll of identify
 o - a scroll of noise {unknown}
 p - 3 scrolls of enchant armour
Potions
 f - a potion of haste


   Skills:
 + Level 7.0 Fighting
 + Level 5.2 Short Blades
 + Level 2.3 Long Blades
 + Level 2.3 Axes
 + Level 2.3 Maces & Flails
 + Level 2.3 Polearms
 + Level 2.3 Staves
 + Level 2.3 Ranged Weapons
 + Level 2.3 Throwing
 + Level 2.3 Armour
 + Level 5.2 Dodging
 + Level 9.9 Stealth
 + Level 2.3 Shields
 + Level 2.3 Unarmed Combat
 + Level 2.3 Spellcasting
 + Level 1.9 Conjurations
 + Level 1.9 Hexes
 + Level 1.9 Summonings
 + Level 1.9 Necromancy
 + Level 1.9 Translocations
 + Level 1.9 Transmutations
 + Level 1.9 Fire Magic
 + Level 1.9 Ice Magic
 + Level 1.9 Air Magic
 + Level 1.9 Earth Magic
 + Level 1.9 Poison Magic
 + Level 2.6 Invocations
 + Level 2.3 Evocations


You had 10 spell levels left.
You didn't know any spells.
Your spell library contained the following spells:

 Spells                   Type           Power      Damage    Failure   Level
 Portal Projectile        Hex/Tloc       8%         N/A       41%         3
 Tukima's Dance           Hex            4%         N/A       41%         3
 Blade Hands              Tmut           2%         N/A       99%         5


Dungeon Overview and Level Annotations

Branches:
Dungeon (5/15)
 Temple: D:4-7

Altars:
Hepliaklqana


Innate Abilities, Weirdness & Mutations

You are a tree.
Your roots penetrate the ground, keeping you stationary.
You cannot be teleported.
You are immune to unholy pain and torment.
Your maximum health is greatly increased.
Your equipment is partially melded.
Your life essence is reduced to manifest your ancestor. (-10% HP)
((You have very sharp teeth.))
Your uncanny sense of smell can sniff out nearby items.
Your experience applies equally to all skills.


Message History

The ufetubus hits you but does no damage.
The ufetubus hits you.
* * * LOW HITPOINT WARNING * * *
The iguana barely misses you.
Huemac barely misses the iguana.
You hit the iguana.
The iguana is almost dead.
The ufetubus hits you but does no damage. x2
The iguana bites you but does no damage.
The ufetubus hits you.
* * * LOW HITPOINT WARNING * * *
The ufetubus hits you.
* * * LOW HITPOINT WARNING * * *
Really quaff the potion of lignification?
You turn into a tree.
Your +0 cloak melds into your body.
Your +1 leather armour melds into your body.
Your roots penetrate the ground.
Huemac hits the iguana.
The ufetubus hits you but does no damage. x2
The iguana barely misses you.
It was a potion of degeneration.
There was something very wrong with that liquid.
You feel weakened.
You feel dopey.
You feel clumsy.
The ufetubus hits you but does no damage. x2
Huemac hits the iguana.
The iguana dies!
The ufetubus hits you but does no damage.
The ufetubus hits you.
* * * LOW HITPOINT WARNING * * *
You barely miss the ufetubus.
Huemac closely misses the ufetubus.
The ufetubus barely misses you.
The ufetubus hits you but does no damage.
The orc barely misses Huemac.
You completely miss the ufetubus.
The ufetubus hits you but does no damage.
The ufetubus hits you.
* * * LOW HITPOINT WARNING * * *
Huemac hits the ufetubus.
The orc hits Huemac with a +0 dagger.
You closely miss the ufetubus.
The ufetubus is lightly wounded.
The ufetubus hits you.
You die...

.. ########..
######......†..
.......†Ro.....
#.♣5......
#.........
#####.......##
.#..?..$...###
...........#
...###..#.## #.
#..#.# #..
#..#.####. #..#
#.........


You could see the friendly Huemac the ancestor, an orc and an ufetubus (ally
target).

Vanquished Creatures
  A wyvern (D:5)
  An ogre (D:5)
  An orc wizard (D:3)
  6 adders
  A worm (D:3)
  2 dart slugs
  2 orcs (D:3)
  11 ball pythons
  5 bats
  9 endoplasms
  4 giant cockroaches
  3 goblins
  8 hobgoblins
  A jackal (D:4)
  3 kobolds
  2 quokkas
  4 frilled lizards
  5 rats
69 creatures vanquished.

Vanquished Creatures (collateral kills)
  A hound (D:5)
  An iguana (D:5)
  An adder (D:5)
  A worm (D:4)
  A jackal (D:5)
5 creatures vanquished.

Vanquished Creatures (others)
  An orc wizard (D:3)
  An ancestor (D:5)
  A plant (D:1)
3 creatures vanquished.

Grand Total: 77 creatures vanquished

Notes
Turn   | Place    | Note
-------+----------+-------------------------------------------
     0 | D:5      | Reached skill level 9 in Stealth
     0 | D:5      | MisterFreud the Gnoll Delver began the quest for the Orb.
     0 | D:5      | Reached XP level 1. HP: 23/23 MP: 1/1
   453 | D:1      | Reached XP level 2. HP: 29/29 MP: 2/2
   563 | D:1      | Found a faded altar of an unknown god.
   755 | D:1      | Reached XP level 3. HP: 35/35 MP: 3/3
  1310 | D:2      | Reached skill level 1 in Invocations
  1443 | D:2      | Reached skill level 1 in Long Blades
  1443 | D:2      | Reached skill level 1 in Axes
  1443 | D:2      | Reached skill level 1 in Maces & Flails
  1443 | D:2      | Reached skill level 1 in Polearms
  1443 | D:2      | Reached skill level 1 in Staves
  1443 | D:2      | Reached skill level 1 in Ranged Weapons
  1443 | D:2      | Reached skill level 1 in Throwing
  1443 | D:2      | Reached skill level 1 in Armour
  1443 | D:2      | Reached skill level 1 in Shields
  1443 | D:2      | Reached skill level 1 in Unarmed Combat
  1443 | D:2      | Reached skill level 1 in Spellcasting
  1443 | D:2      | Reached skill level 1 in Evocations
  1572 | D:2      | Reached XP level 4. HP: 29/41 MP: 5/5
  1689 | D:2      | Found a hazy altar of Hepliaklqana.
  1724 | D:2      | Became a worshipper of Hepliaklqana the Forgotten
  2288 | D:2      | Reached skill level 1 in Conjurations
  2288 | D:2      | Reached skill level 1 in Hexes
  2288 | D:2      | Reached skill level 1 in Summonings
  2288 | D:2      | Reached skill level 1 in Necromancy
  2288 | D:2      | Reached skill level 1 in Translocations
  2288 | D:2      | Reached skill level 1 in Transmutations
  2288 | D:2      | Reached skill level 1 in Fire Magic
  2288 | D:2      | Reached skill level 1 in Ice Magic
  2288 | D:2      | Reached skill level 1 in Air Magic
  2288 | D:2      | Reached skill level 1 in Earth Magic
  2288 | D:2      | Reached skill level 1 in Poison Magic
  2501 | D:3      | Reached XP level 5. HP: 28/47 MP: 5/7
  2978 | D:3      | Reached * piety under Hepliaklqana
  3042 | D:3      | You fall into a shaft and drop 1 floor!
  3199 | D:4      | Noticed a black bear
  3230 | D:5      | Noticed an ogre
  3254 | D:5      | HP: 2/42 [ogre/+0 giant club (18)]
  3258 | D:5      | Killed an ogre
  3259 | D:5      | Reached skill level 5 in Short Blades
  3259 | D:5      | Reached skill level 5 in Dodging
  3259 | D:5      | Reached XP level 6. HP: 2/47 MP: 8/8
  3618 | D:5      | Noticed a wyvern
  3625 | D:5      | Killed a wyvern
  3626 | D:5      | Reached XP level 7. HP: 54/54 MP: 10/10
  3656 | D:5      | HP: 2/54 [ufetubus (2)]
  3661 | D:5      | Slain by an ufetubus

Illustrated notes

Levels and vault maps discovered:
D:1:      minmay_arrival_solitary_statue, layout_basic,
          shapermc_ecumenical_altar_gd, columned_hall_lemuel, interstate_on_off,
          minmay_close_crescents
D:2:      layout_basic, basic_altar
D:3:      layout_rooms, chequers_hall_statues_y
D:4:      layout_basic, kennysheep_generic_room_11, uniq_robin, uniq_sigmund
D:5:      layout_loops_ring, chequers_jeans

Skill      XL: |  1  2  3  4  5  6 |
---------------+-------------------+-----
Stealth        | |  9.9
Invocations    | 1 2 |  2.6
Long Blades    | 1 2 |  2.3
Axes           | 1 2 |  2.3
Maces & Flails | 1 2 |  2.3
Polearms       | 1 2 |  2.3
Staves         | 1 2 |  2.3
Ranged Weapons | 1 2 |  2.3
Throwing       | 1 2 |  2.3
Armour         | 1 2 |  2.3
Shields        | 1 2 |  2.3
Unarmed Combat | 1 2 |  2.3
Spellcasting   | 1 2 |  2.3
Evocations     | 1 2 |  2.3
Conjurations   | 1 |  1.9
Hexes          | 1 |  1.9
Summonings     | 1 |  1.9
Necromancy     | 1 |  1.9
Translocations | 1 |  1.9
Transmutations | 1 |  1.9
Fire Magic     | 1 |  1.9
Ice Magic      | 1 |  1.9
Air Magic      | 1 |  1.9
Earth Magic    | 1 |  1.9
Poison Magic   | 1 |  1.9
Short Blades   | 5 |  5.2
Dodging        | 5 |  5.2
Fighting       | 7 |  7.0

Action                   |  1- 3 |  4- 6 |  7- 9 || total
-------------------------+-------+-------+-------++-------
Melee: Short sword       |   112 |   159 |    18 ||   289
       Bite              |    10 |    23 |     2 ||    35
       Punch             |       |     3 |       ||     3
Throw: Boomerang         |       |     6 |       ||     6
Invok: Recall Ancestor   |       |     1 |       ||     1
  Use: Scroll            |     2 |     1 |       ||     3
       Potion            |       |       |     2 ||     2
 Stab: Sleeping          |    17 |    13 |       ||    30
Armor: Leather armour    |    17 |    40 |     6 ||    63
       Skin              |       |       |     7 ||     7
Dodge: Dodged            |    56 |    79 |    13 ||   148
